 Dungeon Crawl Stone Soup version 0.28.0-1-gb440e238dd (webtiles) character file.

Game seed: 8410618600755649626

611 themarg the Chopper (level 7, -9/61 HPs)
             Began as a Minotaur Berserker on Feb 22, 2022.
             Was a Priest of Trog.
             Mangled by an ogre (12 damage)
             ... on level 4 of the Dungeon.
             The game lasted 00:10:25 (3685 turns).

themarg the Chopper (Minotaur Berserker)            Turns: 3685, Time: 00:10:26

Health: -9/61      AC:  9    Str: 24    XL:     7   Next: 20%
Magic:  6/6        EV:  9    Int:  4    God:    Trog [***...]
Gold:   288        SH:  0    Dex:  9    Spells: 6/6 levels left

rFire   . . .      SeeInvis .   a - +0 hand axe
rCold   . . .      Faith    .   (no shield)
rNeg    . . .      Spirit   .   f - +0 chain mail
rPois   .          Reflect  .   (helmet restricted)
rElec   .          Harm     .   (no cloak)
rCorr   .          Rampage  .   (no gloves)
Will    .....                   (no boots)
Stlth   ..........              (no amulet)
HPRegen 0.20/turn               (no ring)
MPRegen 0.10/turn               (no ring)

@: no status effects
A: horns 2, retaliatory headbutt
a: Renounce Religion, Berserk, Trog's Hand


You were on level 4 of the Dungeon.
You worshipped Trog.
Trog was most pleased with you.
You visited 1 branch of the dungeon, and saw 4 of its levels.

You collected 288 gold pieces.

Inventory:

Hand Weapons
 a - a +0 hand axe (weapon)
 j - a +0 war axe
 q - the +9 shortbow "Vegyckob" {venom, rC++}
   (You found it on level 4 of the Dungeon)

   Any ammunition fired from it poisons the flesh of those it strikes.
   rC:        It greatly protects you from cold.
Missiles
 r - 32 bolts
 s - 12 arrows
Armour
 f - a +0 chain mail (worn)
 o - a +0 leather armour of fire resistance
Jewellery
 m - an amulet of the acrobat
Wands
 k - a wand of mindburst (11)
Scrolls
 b - a scroll of summoning {unknown}
 c - 2 scrolls of identify
 h - a scroll of blinking {unknown}
 i - a scroll of enchant weapon {unknown}
 n - a scroll of noise {unknown}
Potions
 d - a potion of brilliance
 e - a potion of heal wounds {unknown}
 g - a potion of lignification {unknown}
 l - 2 potions of curing
 p - 2 potions of berserk rage


   Skills:
 + Level 5.3 Fighting
 + Level 7.4 Axes
 + Level 5.2 Armour
 + Level 2.9 Dodging
 + Level 1.1 Stealth


You had 6 spell levels left.
You didn't know any spells.
Your spell library was empty.

Dungeon Overview and Level Annotations

Branches:
Dungeon (4/15)
 Temple: D:4-7

Altars:


Innate Abilities, Weirdness & Mutations

You have a pair of horns on your head.
You reflexively headbutt those who attack you in melee.


Message History

As you read the scroll of identify, it crumbles to dust.
p - 2 potions of berserk rage
As you read the scroll of identify, it crumbles to dust.
d - a potion of brilliance You climb downwards.
There is a stone staircase leading up here.
There is a stone staircase leading down here.
You climb downwards.
There is a stone staircase leading up here.
Found 4 gold pieces.
There is a stone staircase leading down here.
You now have 288 gold pieces (gained 4).
Things that are here:
a +0 dagger; a goblin skeleton
There is a stone staircase leading down here.
A ball python comes into view.
The ball python closely misses you. The ball python grabs you.
The ball python constricts you.
You slash the ball python!
You kill the ball python!
Trog accepts your kill.
You see here a ball python corpse.
c - 2 scrolls of identify (gained 1)
An ogre comes into view. It is wielding a +0 giant club.
You hit the ogre.
The ogre is lightly wounded.
The ogre hits you with a +0 giant club!
You slash the ogre!
The ogre is heavily wounded.
The ogre hits you with a +0 giant club!!
You hit the ogre.
The ogre is severely wounded.
You hit the ogre.
The ogre is severely wounded.
The ogre hits you with a +0 giant club!!
* * * LOW HITPOINT WARNING * * *
You hit the ogre but do no damage.
The ogre is severely wounded.
The ogre hits you with a +0 giant club!
You die...

### # ..#
#######.# #
#.# #
...)....#
#.##.##.#
.#.######
#....O..#
.#.# ##@####
.#.# #.....#
.#.# #.....#
...#########
#.....#
.....#.....#
#.....#
#..#.#.....#
#.....#
#.......|..#
###.###
..##.#.....#
#.#
####.#.....#
#.##


You could see an ogre.

Vanquished Creatures
  The ghost of cookedgoose the Sneak, an amateur VSEn (D:3)
  An ogre (D:4)
  A phantom (D:4)
  3 orc priests (D:3)
  Jessica (D:2)
  Terence (D:3)
  2 hound skeletons (D:4)
  3 adders
  4 worms
  3 dart slugs
  9 orcs
  5 ball pythons
  6 bats
  9 endoplasms
  5 giant cockroaches
  8 goblins
  5 hobgoblins
  7 jackals
  5 quokkas
  4 frilled lizards (D:2)
  12 kobolds
  2 rats
97 creatures vanquished.

Notes
Turn   | Place    | Note
-------+----------+-------------------------------------------
     0 | D:1      | themarg the Minotaur Berserker began the quest for the Orb.
     0 | D:1      | Reached XP level 1. HP: 19/19 MP: 0/0
   208 | D:1      | Reached skill level 4 in Axes
   231 | D:1      | Reached XP level 2. HP: 18/27 MP: 1/1
   772 | D:1      | Reached XP level 3. HP: 33/33 MP: 2/2
  1295 | D:2      | Found a faded altar of an unknown god.
  1341 | D:2      | Reached ** piety under Trog
  1712 | D:2      | Reached skill level 5 in Axes
  1726 | D:2      | Noticed Jessica
  1728 | D:2      | Killed Jessica
  1729 | D:2      | Reached XP level 4. HP: 40/40 MP: 3/3
  2130 | D:3      | Reached XP level 5. HP: 45/47 MP: 4/4
  2305 | D:3      | Reached skill level 1 in Stealth
  2440 | D:3      | Reached *** piety under Trog
  2444 | D:3      | Reached skill level 6 in Axes
  2477 | D:3      | Noticed Terence
  2485 | D:3      | Killed Terence
  2749 | D:3      | Found a runed translucent door.
  2752 | D:3      | Noticed cookedgoose's ghost (amateur VSEn)
  2785 | D:3      | Killed cookedgoose's ghost
  2786 | D:3      | Reached XP level 6. HP: 53/53 MP: 5/5
  3007 | D:4      | Reached skill level 7 in Axes
  3177 | D:4      | Identified the +9 shortbow "Vegyckob" {venom, rC++}
  3239 | D:4      | Reached skill level 5 in Fighting
  3239 | D:4      | Reached XP level 7. HP: 51/61 MP: 6/6
  3327 | D:4      | Reached skill level 5 in Armour
  3684 | D:4      | HP: 3/61 [ogre (21)]
  3685 | D:4      | Mangled by an ogre

Illustrated notes

Levels and vault maps discovered:
D:1:      dpeg_cavernosity, layout_loops_ring
D:2:      layout_basic, nicolae_ecumenical_pavilion,
          minmay_misc_feat_more_columns, minmay_split_cup_large, uniq_jessica
D:3:      layout_rooms, ebering_ghost_sewer_d, uniq_terence
D:4:      minmay_spotlight, layout_loops_cross

Skill      XL: |  1  2  3  4  5  6  7 |
---------------+----------------------+-----
Axes           | 4 5 6 7 |  7.4
Fighting       | 4 5 |  5.3
Armour         | 3 4 5 |  5.2
Stealth        | 1 |  1.1
Dodging        | |  2.9

Action                   |  1- 3 |  4- 6 |  7- 9 || total
-------------------------+-------+-------+-------++-------
Melee: Hand axe          |   121 |   108 |    18 ||   247
       Headbutt          |    12 |    15 |     1 ||    28
Invok: Berserk           |       |     4 |       ||     4
  Use: Scroll            |       |       |     3 ||     3
 Stab: Sleeping          |     1 |       |       ||     1
Armor: Animal skin       |     2 |       |       ||     2
       Robe              |     5 |       |       ||     5
       Chain mail        |    33 |    43 |     5 ||    81
Dodge: Dodged            |    64 |    45 |     6 ||   115
